 Dungeon Crawl Stone Soup version 0.30.0-11-gf55b779eaf (webtiles) character file.

Game seed: 8998610201402149369

135 Hrothgar the Covered (level 5, -2/41 HPs)
             Began as a Human Fighter on May 16, 2023.
             Slain by Pikel
             ... wielding a +2 whip of freezing
              (10 damage)
             ... on level 4 of the Dungeon.
             The game lasted 00:03:37 (835 turns).

Hrothgar the Covered (Human Fighter)                 Turns: 835, Time: 00:03:38

Health: -2/41      AC:  6    Str: 16    XL:     5   Next: 41%
Magic:  5/5        EV:  9    Int: 11    God:
Gold:   61         SH:  4    Dex: 12    Spells: 4/4 levels left

rFire   . . .        a - +0 war axe
rCold   . . .        c - +0 buckler
rNeg    . . .        b - +0 scale mail
rPois   +            (no helmet)
rElec   .            (no cloak)
rCorr   .            (no gloves)
SInv    .            (no boots)
Will    .....        (no amulet) Stlth
                     g - ring of poison resistance
HPRegen 0.26/turn    (no ring)
MPRegen 0.09/turn

%: no passive effects
@: mighty
A: no striking features
a: no special abilities


You were on level 4 of the Dungeon.
You visited 1 branch of the dungeon, and saw 4 of its levels.

You collected 61 gold pieces.

Inventory:

Hand Weapons
 a - a +0 war axe (weapon)
Armour
 b - a +0 scale mail (worn)
 c - a +0 buckler (worn)
Jewellery
 g - a ring of poison resistance (left hand)
Scrolls
 i - a scroll of amnesia
Potions
 d - a potion of might
 e - 2 potions of curing
 f - a potion of berserk rage {unknown}
 h - a potion of invisibility {unknown}


   Skills:
 * Level 3.4 Fighting
 * Level 3.3 Axes
 * Level 3.6 Armour
 * Level 1.3 Dodging
 * Level 1.2 Stealth
 * Level 3.4 Shields


You had 4 spell levels left.
You didn't know any spells.
Your spell library contained the following spells:

 Spells                   Type           Power      Damage    Failure   Level
 Foxfire                  Conj/Fire      0%         2x1d4     85%         1
 Animate Dead             Necr           0%         N/A       100%        4
 Fireball                 Conj/Fire      0%         3d3       100%        5
 Plasma Beam              Fire/Air       0%         2x1d11    100%        6
 Starburst                Conj/Fire      0%         6d3       100%        6
 Haunt                    Necr/Summ      0%         N/A       100%        7
 Infestation              Necr           0%         N/A       100%        8


Dungeon Overview and Level Annotations

Branches:
Dungeon (4/15)
 Temple: D:4-7

Altars:
Fedhas
Ru

Shops:
D:1 =*

Annotations:
D:4 3 runed translucent doors, Pikel; gelatine's ghost, amateur DsWn


Message History

Pikel, Merchant of Souls comes into view.
He is wielding a +2 whip of freezing and wearing a +2 robe of willpower.
Pikel says, "You'll make a fine lemure."
A lemure comes into view.
A lemure comes into view.
You feel very mighty all of a sudden.
The lemure shouts!
A lemure comes into view.
You closely miss the lemure.
The lemure shouts!
You block the lemure's attack.
You barely miss the lemure. You closely miss Pikel.
Pikel hits you with a +2 whip of freezing.
Pikel freezes you.
You hit Pikel.
Pikel is lightly wounded.
Pikel hits you with a +2 whip of freezing.
Pikel freezes you. You block Pikel's attack.
You closely miss Pikel.
Pikel is lightly wounded.
You block Pikel's attack.
You hit Pikel but do no damage.
Pikel is lightly wounded.
Pikel hits you with a +2 whip of freezing.
Pikel freezes you.
You closely miss Pikel.
Pikel is lightly wounded.
Pikel misses you.
Pikel hits you with a +2 whip of freezing!
Pikel freezes you.
You hit Pikel but do no damage.
Pikel is lightly wounded.
Pikel hits you with a +2 whip of freezing!
* * * LOW HITPOINT WARNING * * *
Pikel freezes you.
* * * LOW HITPOINT WARNING * * *
You slash Pikel!
Pikel is heavily wounded.
Pikel hits you with a +2 whip of freezing!
You die...

#.# #####......[
#.# ######## #.#
#.# #.# #.# #.#
#.##############..
#.........@K5555..
################..


You could see Pikel and 4 lemures.

Vanquished Creatures
  A scorpion (D:4)
  A hound (D:4)
  Jessica (D:3)
  An adder (D:3)
  An endoplasm (D:4)
  A giant cockroach (D:3)
  2 goblins
  A hobgoblin (D:4)
  3 quokkas
  2 ball pythons (D:4)
  2 kobolds
  2 rats (D:3)
18 creatures vanquished.

Notes
Turn   | Place    | Note
-------+----------+-------------------------------------------
     0 | D:1      | Hrothgar the Human Fighter began the quest for the Orb.
     0 | D:1      | Reached XP level 1. HP: 18/18 MP: 1/1
    18 | D:1      | Found Taxi's General Store.
    19 | D:1      | Found Tierea's Jewellery Shoppe.
    31 | D:1      | You fall into a shaft and drop 1 floor!
   127 | D:3      | Reached XP level 2. HP: 13/24 MP: 2/2
   183 | D:3      | Found a blossoming altar of Fedhas.
   355 | D:3      | Found a sacrificial altar of Ru.
   377 | D:3      | Noticed Jessica
   398 | D:3      | Killed Jessica
   399 | D:3      | Reached skill level 1 in Dodging
   399 | D:3      | Reached XP level 3. HP: 29/29 MP: 3/3
   470 | D:4      | Reached XP level 4. HP: 23/35 MP: 4/4
   622 | D:4      | Noticed gelatine's ghost (amateur DsWn)
   626 | D:4      | Noticed a phantom
   636 | D:4      | Found a runed translucent gate.
   636 | D:4      | Found a runed translucent gate.
   637 | D:4      | Found a runed translucent gate.
   650 | D:4      | Noticed a water moccasin
   691 | D:4      | Noticed a scorpion
   697 | D:4      | Killed a scorpion
   698 | D:4      | Reached skill level 1 in Stealth
   698 | D:4      | Reached XP level 5. HP: 18/41 MP: 5/5
   823 | D:4      | Noticed a lemure
   824 | D:4      | Noticed Pikel
   824 | D:4      | Noticed a lemure
   825 | D:4      | Noticed a lemure
   826 | D:4      | Noticed a lemure
   835 | D:4      | Slain by Pikel

Illustrated notes

Levels and vault maps discovered:
D:1:      beargit_arrival_diablo_church, layout_rooms, serial_shops, shop,
          nicolae_shop_hallway_plus, nicolae_diamond_shop,
          chequers_serial_rivers_marsh, kennysheep_another_room, nrook_campfire
D:2:      layout_loops_cross, shapermc_ecumenical_altar_ellora, serial_shops,
          nicolae_shop_pleasant_corner_grove, serial_bayou_pond_b, uniq_natasha
D:3:      layout_rooms, fedhas_altar_fruit_tree, nicolae_overflow_hidden_temple,
          uniq_jessica
D:4:      layout_loops_ring, nicolae_qazlal_general_emergency,
          gammafunk_ghost_split, uniq_ijyb, uniq_blork_the_orc, uniq_pikel,
          uniq_robin

Skill      XL: |  1  2  3  4 |
---------------+-------------+-----
Dodging        | 1 |  1.3
Axes           | 3 |  3.3
Stealth        | 1 |  1.2
Fighting       | |  3.4
Armour         | |  3.6
Shields        | |  3.4

Action                     |  1- 3 |  4- 6 || total
---------------------------+-------+-------++-------
  Melee: War axe           |    53 |    25 ||    78
    Use: Scroll            |     2 |       ||     2
         Potion            |       |     1 ||     1
 Armour: Scale mail        |    18 |     9 ||    27
  Dodge: Dodged            |    27 |     9 ||    36
  Block: Buckler           |    19 |     6 ||    25
